 Dungeon Crawl Stone Soup version 0.26.1-2-gb8aa6d0cf2 (webtiles) character file.

Game seed: 12053211318585519648

4625 H0rd4k the Basher (level 10, -4/67 (74) HPs)
             Began as a Human Artificer on Feb 22, 2021.
             Was an Initiate of Gozag.
             Slain by an orc knight
             ... wielding a +0 glaive
              (32 damage)
             ... in a bailey.
             The game lasted 00:16:18 (11712 turns).

H0rd4k the Basher (Human Artificer)                Turns: 11712, Time: 00:16:18

HP:   -4/67 (74)    AC: 10    Str: 18    XL:     10   Next: 70%
MP:   10/10         EV: 16    Int: 13    God:    Gozag
Gold: 1269          SH:  0    Dex: 20    Spells: 9/9 levels left

rFire    + + .     SeeInvis +   p - +2 whip (venom)
rCold    . . .     Faith    .   (no shield)
rNeg     . . .     Spirit   .   i - +5 leather armour "Olofy" {*Contam rF++ Str+4}
rPois    .         Reflect  .   B - +2 hat
rElec    .         Harm     .   (no cloak)
rCorr    .         Rampage  .   (no gloves)
Will     .....                  (no boots)
Stlth    +++.......             (no amulet)
HPRegen  0.21/turn              H - ring of see invisible
MPRegen  0.12/turn              D - +6 ring of dexterity

@: gold aura, drained
A: no striking features
a: Renounce Religion, Potion Petition, Call Merchant, Bribe Branch


You were in a bailey.
You worshipped Gozag.
Gozag was most pleased with you.
You visited 2 branches of the dungeon, and saw 11 of its levels.
You also visited: Bailey.

You collected 1326 gold pieces.
You paid 57 gold pieces to Gozag.

Inventory:

Hand Weapons
 p - a +2 whip of venom (weapon)
 A - the +0 whip "Rygem" {speed, rN+}
   (You found it on level 4 of the Dungeon)

   Attacks with this weapon are significantly faster.
   It protects you from negative energy.
Missiles
 t - 3 curare-tipped darts
 v - 21 poisoned darts
Armour
 b - a +0 leather armour
 i - the +5 leather armour "Olofy" (worn) {*Contam rF++ Str+4}
   (You found it on level 4 of the Dungeon)

   It affects your strength (+4).
   It greatly protects you from fire.
   It causes magical contamination when unequipped.
 o - a +2 robe of the Archmagi
 q - a +0 chain mail
 B - a +2 hat (worn)
 N - a cursed +0 leather armour
Jewellery
 a - an uncursed ring of flight
 D - a +6 ring of dexterity (right hand)
 F - an uncursed ring of fire
 H - a ring of see invisible (left hand)
 I - an uncursed ring of positive energy
 K - an uncursed ring of willpower
Wands
 d - a wand of enslavement (17)
 e - a wand of random effects (13)
 z - a wand of iceblast (5)
 J - a wand of acid (4)
Scrolls
 f - 2 scrolls of blinking
 l - a scroll of enchant weapon {unknown}
 u - 4 scrolls of teleportation
 x - a scroll of fog
 y - 3 scrolls of identify
 C - 2 scrolls of remove curse
 E - 2 scrolls of holy word {unknown}
 G - a scroll of amnesia
 L - a scroll of silence {unknown}
Potions
 g - 2 potions of attraction
 h - 2 potions of magic
 j - a potion of haste {unknown}
 k - 2 potions of flight {unknown}
 m - a potion of curing
 n - 2 potions of brilliance {unknown}
 r - 5 potions of might
 s - 5 potions of lignification {unknown}
 w - 2 potions of heal wounds {unknown}
 M - a potion of degeneration {unknown}


   Skills:
 + Level 5.5 Fighting
 + Level 1.4 Short Blades
 + Level 9.0 Maces & Flails
 + Level 5.7 Armour
 + Level 5.9 Dodging
 + Level 5.8 Stealth
 + Level 4.9 Evocations


You had 9 spell levels left.
You didn't know any spells.
Your spell library was empty.

Dungeon Overview and Level Annotations

Branches:
Dungeon (10/15)            Temple (1/1) D:4          Bailey (1/1)
   Lair: D:8-11         Orc: D:9-12

Altars:
Ashenzari
Cheibriados
Dithmenos
Elyvilon
Fedhas
Gozag
Hepliaklqana
Kikubaaqudgha
Makhleb
Nemelex Xobeh
Okawaru
Qazlal
Ru
Sif Muna
Trog
Uskayaw
Vehumet
Wu Jian
Xom
Yredelemnul
Zin
The Shining One

Shops:
D:7 }

Annotations:
D:2 1 runed translucent door, exclusions: door and downstairs, Crazy Yiuf
D:9 exclusion: downstairs


Message History

Your orc warrior shoots a bolt.
The bolt hits the orc warrior!!
Something hits your orc warrior.
Found 4 gold pieces.
Found two gates leading back out of this place.
Aiming: Corrosive Bolt
Press: ? - help, Shift-Dir - straight line, f/p - orc knight
Aim: an orc knight, wielding a +0 glaive and wearing a +0 scale mail (almost dead, strong, covered in acid, 33% to evade) Really fire in your orc warrior's direction?
Okay, then.
Unknown command.
Aiming: Corrosive Bolt
Press: ? - help, Shift-Dir - straight line, f/p - orc knight
Aim: an orc knight, wielding a +0 glaive and wearing a +0 scale mail (almost dead, strong, covered in acid, 33% to evade) Really fire in your orc warrior's direction?
Okay, then.
Your orc warrior hits something with a +0 trident!!
You feel a bit more experienced.
The orc knight hits you from afar with a +0 glaive!!
You die...
Your body crumbles into a pile of gold.

### ##∩## #@(.#
#...#
≈≈.≈≈.o.....≈≈.
≈.oo≈.......≈oo
≈≈(≈≈.......≈≈o≈
.≈≈≈..#...#.$≈≈≈
..o..##...##....
##### ##∩## ####
##


You could see 2 orc knights, an orc (strong) and 2 friendly orc warriors.

Vanquished Creatures
  Harold (D:8)
  An orc knight (Bailey)
  Prince Ribbit (D:8)
  Eustachio (D:5)
  Edmund (D:5)
  A black bear (D:8)
  2 orc warriors (D:6)
  2 sky beasts
  2 phantoms
  An ice beast (D:9)
  3 ogres
  3 centaurs
  A gnoll sergeant (D:8)
  2 bullfrogs
  2 scorpions
  4 killer bees (D:9)
  8 wights
  4 howler monkeys
  2 centaur zombies
  2 jellies
  4 orc priests
  A gnoll shaman (D:7)
  3 bullfrog skeletons
  3 orc wizards
  3 centaur skeletons
  Ijyb (D:5)
  10 worker ants
  3 iguanas
  2 hound zombies
  2 worker ant zombies (D:9)
  9 adders
  7 gnolls
  A shadow imp (D:5)
  4 white imps
  3 oozes
  An adder skeleton (D:6)
  3 worms
  3 dart slugs
  3 leopard geckos
  23 orcs
  4 giant cockroaches
  10 goblins
  3 hobgoblins
  6 jackals
  A quokka (D:2)
  3 ball pythons
  4 bats (D:1)
  4 frilled lizards
  12 kobolds
  3 leopard gecko skeletons
  6 rats
189 creatures vanquished.

Vanquished Creatures (collateral kills)
  3 orcs
3 creatures vanquished.

Vanquished Creatures (others)
  2 orc warriors
  An orc priest (D:8)
  An orc wizard (D:8)
  An orc (D:6)
  A fungus (D:2)
6 creatures vanquished.

Grand Total: 198 creatures vanquished

Notes
Turn   | Place    | Note
-------+----------+-------------------------------------------
     0 | D:1      | H0rd4k the Human Artificer began the quest for the Orb.
     0 | D:1      | Reached XP level 1. HP: 15/15 MP: 1/1
   178 | D:1      | Reached XP level 2. HP: 13/21 MP: 2/2
  1181 | D:1      | Reached XP level 3. HP: 21/26 MP: 3/3
  1748 | D:2      | Found a hide-covered altar of Uskayaw.
  2029 | D:2      | Found a runed translucent door.
  2030 | D:2      | Noticed Crazy Yiuf
  2240 | D:2      | Reached XP level 4. HP: 32/32 MP: 4/4
  2295 | D:2      | Reached skill level 1 in Short Blades
  2608 | D:3      | Found a snail-covered altar of Cheibriados.
  3400 | D:3      | Reached skill level 1 in Maces & Flails
  3400 | D:3      | Reached XP level 5. HP: 37/37 MP: 5/5
  3731 | D:4      | Noticed a phantom
  3747 | D:4      | Reached skill level 2 in Maces & Flails
  3747 | D:4      | Reached XP level 6. HP: 43/43 MP: 6/6
  3860 | D:4      | Found a sparkling altar of Nemelex Xobeh.
  3869 | D:4      | Got a jewelled whip
  3870 | D:4      | Identified the cursed +0 whip "Rygem" {speed, rN+} (You
                  | found it on level 4 of the Dungeon)
  3880 | D:4      | Found a shimmering altar of Xom.
  3880 | D:4      | Found a white marble altar of Elyvilon.
  3880 | D:4      | Found a shadowy altar of Dithmenos.
  3928 | D:4      | Found a staircase to the Ecumenical Temple.
  4026 | Temple   | Entered the Ecumenical Temple
  4094 | Temple   | Became a worshipper of Gozag Ym Sagoz the Greedy
  4456 | D:4      | Found a bloodstained altar of Trog.
  4465 | D:4      | Got a twisted leather armour
  4476 | D:4      | Identified the +5 leather armour "Olofy" {*Contam rF++
                  | Str+4} (You found it on level 4 of the Dungeon)
  4487 | D:4      | Noticed an ogre
  4498 | D:4      | Killed an ogre
  4499 | D:4      | Reached skill level 3 in Maces & Flails
  4499 | D:4      | Reached XP level 7. HP: 47/50 MP: 7/7
  4538 | D:4      | Found a radiant altar of Vehumet.
  4771 | D:5      | Entered Level 5 of the Dungeon
  5069 | D:5      | Noticed Eustachio
  5083 | D:5      | Killed Eustachio
  5084 | D:5      | Reached skill level 4 in Maces & Flails
  5209 | D:5      | Noticed Edmund
  5221 | D:5      | Killed Edmund
  5222 | D:5      | Reached XP level 8. HP: 44/57 MP: 8/8
  5543 | D:5      | Reached skill level 5 in Maces & Flails
  5918 | D:5      | Noticed Ijyb
  5933 | D:5      | Killed Ijyb
  6426 | D:6      | Reached skill level 5 in Armour
  6674 | D:6      | Reached skill level 6 in Maces & Flails
  6758 | D:6      | Reached XP level 9. HP: 32/64 MP: 9/9
  7693 | D:7      | Found Seriantu's Gadget Emporium.
  8389 | D:7      | Reached skill level 7 in Maces & Flails
  9117 | D:8      | Found a hazy altar of Hepliaklqana.
  9404 | D:8      | Noticed Harold
  9443 | D:8      | Killed Harold
  9444 | D:8      | Reached skill level 8 in Maces & Flails
  9444 | D:8      | Reached skill level 5 in Dodging
  9444 | D:8      | Reached skill level 5 in Stealth
  9444 | D:8      | Reached XP level 10. HP: 73/73 MP: 10/10
  9484 | D:8      | Noticed Prince Ribbit
  9488 | D:8      | Killed Prince Ribbit
  9489 | D:8      | Reached skill level 5 in Fighting
  9741 | D:8      | Found a glowing golden altar of the Shining One.
  9861 | D:8      | You fall into a shaft and drop 1 floor!
 11200 | D:10     | Entered Level 10 of the Dungeon
 11683 | D:10     | Found a flagged portal.
 11703 | Bailey   | Entered a bailey
 11703 | Bailey   | Noticed an orc knight
 11703 | Bailey   | Noticed an orc knight
 11706 | Bailey   | Noticed an orc knight
 11708 | Bailey   | Killed an orc knight
 11709 | Bailey   | Reached skill level 9 in Maces & Flails
 11712 | Bailey   | Slain by an orc knight

Illustrated notes

Levels and vault maps discovered:
D:1:      minmay_arrival_open_corners, layout_loops_corners,
          hangedman_decor_growths, dk_noncrumbling_4, chequers_jeans,
          kennysheep_another_room, chequers_serial_rivers_room_a
D:2:      layout_basic, eat_drink_and_be_merry_uskayaw,
          hangedman_decor_clover_reticule, serial_park_tiny_2,
          uniq_crazy_yiuf_cottage
D:3:      layout_basic, overflow_temple_1_default
D:4:      layout_basic, old_standard_altar, bloody_trog,
          gammafunk_temple_overflow_claw, minmay_temple_entry_wispy,
          nemelex_diamond_rough_becter
D:5:      layout_basic, uniq_eustachio, uniq_edmund, uniq_ijyb
D:6:      layout_cave_pools
D:7:      layout_loops_cross, serial_shops, nicolae_shop_crystal,
          corner_web_ring
D:8:      layout_loops_ring, lemuel_doored_altar, nzn_hepliaklqana_mist_gate,
          uniq_prince_ribbit1, uniq_harold
D:9:      layout_grid_maze, chequers_serial_rivers_small_b
D:10:     layout_layer_cave, enter_bailey_4, uniq_erica
Temple:   cyrus_circular_temple
Bailey:   bailey_polearm_4, bailey

Skill      XL: |  1  2  3  4  5  6  7  8  9 10 |
---------------+-------------------------------+-----
Short Blades   | 1 |  1.4
Maces & Flails | 1 2 3 4 6 8 9 |  9.0
Armour         | 3 4 5 |  5.7
Stealth        | 2 3 5 |  5.8
Fighting       | 2 3 4 5 |  5.5
Dodging        | 2 3 5 |  5.9
Evocations     | 4 |  4.9

Action                   |  1- 3 |  4- 6 |  7- 9 | 10-12 || total
-------------------------+-------+-------+-------+-------++-------
Melee: Short sword       |    87 |       |       |       ||    87
       Club              |     4 |       |       |       ||     4
       Whip              |    27 |   170 |   445 |   279 ||   921
Evoke: Wand              |       |     3 |    12 |    22 ||    37
  Use: Scroll            |       |    10 |     1 |       ||    11
       Potion            |       |       |     1 |       ||     1
 Stab: Sleeping          |     5 |       |     7 |     3 ||    15
       Distracted        |       |       |     4 |       ||     4
Armor: Leather armour    |    33 |     3 |    96 |    62 ||   194
       Chain mail        |    11 |   102 |       |       ||   113
Dodge: Dodged            |    69 |    58 |   237 |   172 ||   536
